 Dungeon Crawl Stone Soup version 0.28-a0-1038-g9c4cb8273d (webtiles) character file.

Game seed: 66159751610105310

0 croobank the Ducker (level 1, 0/16 HPs)
             Began as a Spriggan Abyssal Knight on Dec 9, 2021.
             Was a Follower of Lugonu.
             Slain by a tentacled starspawn (1 damage)
             ... on level 1 of the Abyss.
             The game lasted 00:04:14 (146 turns).

croobank the Ducker (Spriggan Abyssal Knight)        Turns: 146, Time: 00:04:14

Health: 0/16       AC: 20    Str:  9    XL:     1   Next: 0%
Magic:  3/3        EV:  4    Int: 11    God:    Lugonu [*.....]
Gold:   0          SH:  0    Dex: 15    Spells: 0/0 levels left

rFire   . . .      SeeInvis +   a - +1 short sword
rCold   . . .      Faith    .   (shield restricted)
rNeg    . . .      Spirit   .   (armour currently unavailable)
rPois   +          Reflect  .   (helmet currently unavailable)
rElec   .          Harm     .   (cloak currently unavailable)
rCorr   .          Rampage  .   (gloves unavailable)
Will    .....      NoTele   +   (boots unavailable)
Stlth   +.........              (no amulet)
HPRegen 0.05/turn               e - ring of flight
MPRegen 0.08/turn               f - +4 ring of evasion

@: tree-form
A: stationary, stasis, torment immunity, boosted hp, very small, no large
weapons, unfitting armour, see invisible, (speed 3)
a: Renounce Religion, Depart the Abyss


You were on level 1 of the Abyss.
You worshipped Lugonu.
Lugonu was aware of your devotion.
You were a tree.
You visited 0 branches of the dungeon, and saw 0 of its levels.
You visited the Abyss 1 time.

Inventory:

Hand Weapons
 a - a +1 short sword (weapon)
Armour
 b - a +0 robe (melded)
Jewellery
 e - a ring of flight (left branch)
 f - a +4 ring of evasion (right branch)


   Skills:
 + Level 2.4 Fighting
 + Level 2.1 Short Blades
 + Level 3.2 Dodging
 + Level 1.7 Invocations


You couldn't memorise any spells.
You didn't know any spells.
Your spell library was empty.

Dungeon Overview and Level Annotations

Branches:
Dungeon (0/15)

Altars:


Innate Abilities, Weirdness & Mutations

You are a tree.
Your roots penetrate the ground, keeping you stationary.
You cannot be teleported.
You are immune to unholy pain and torment.
Your maximum health is greatly increased.
Your equipment is partially melded.
You are very small and have problems with some larger weapons.
You are too small for most types of armour.
You have supernaturally acute eyesight. (SInv)
((You cover ground extremely quickly. (Speed+++)))


Message History

You fly up into the air.
e - a ring of flight (left hand)
f - a +4 ring of evasion
f - a +4 ring of evasion (right hand)
A tentacled starspawn manifests with a bang!
Press: ? - help, v - describe, . - travel The floor.
You aren't carrying any items that you can evoke.
As you read the scroll labelled VAVATY NYNAISO, it crumbles to dust.
It is a scroll of identify.
d - a potion of lignification A tentacle flies out from the starspawn's body!
A starspawn tentacle comes into view.
A starspawn tentacle comes into view.
Tentacles burst from the starspawn's body! 2 starspawn tentacles come into view.
The starspawn tentacle grabs you. The starspawn tentacle constricts you.
Really quaff the potion of lignification?
Okay, then.
Really quaff the potion of lignification?
You turn into a tree.
Your +0 robe melds into your body.
Your roots penetrate the ground.
The starspawn tentacle constricts you.
You hit the starspawn tentacle but do no damage.
The starspawn tentacle loses its grip on you.
The tentacle pulls you backwards!
You hit the tentacled starspawn but do no damage.
You hit the tentacled starspawn but do no damage.
The tentacled starspawn bites you!
Ouch! That really hurt!
* * * LOW HITPOINT WARNING * * *
The tentacled starspawn tentacle-slaps you but does no damage.
You hit the tentacled starspawn.
The tentacled starspawn is lightly damaged.
The tentacled starspawn bites you.
* * * LOW HITPOINT WARNING * * *
The tentacled starspawn tentacle-slaps you but does no damage.
You hit the tentacled starspawn.
The tentacled starspawn is lightly damaged.
The tentacled starspawn bites you.
You die...

. .... #
## #.#
#...#
##.##.
####..# #
...##..#
#....#..#
#ww.─.###
##X####
##♣.#
#.### ###


You could see a tentacled starspawn and 2 starspawn tentacles.

Vanquished Creatures (others)
  3 starspawn tentacles (Abyss:1)
3 creatures vanquished.

Notes
Turn   | Place    | Note
-------+----------+-------------------------------------------
     0 | Abyss:1  | croobank the Spriggan Abyssal Knight began the quest for
                  | the Orb.
     0 | Abyss:1  | Reached XP level 1. HP: 11/11 MP: 3/3
    82 | Abyss:1  | Noticed a large abomination
   103 | Abyss:1  | Noticed a tentacled starspawn
   146 | Abyss:1  | Slain by a tentacled starspawn

Illustrated notes

Levels and vault maps discovered:
Abyss:1:  base: Temple, hangedman_decor_peaks_small, base:
Temple

Action                   || total
-------------------------++-------
Melee: Short sword       ||     5
  Use: Scroll            ||     1
       Potion            ||     1
Armor: Skin              ||     2

Table legend: (Time is in decaauts)
 A = Elapsed time spent in this place.
 B = Non-inter-level travel time spent in this place.
 C = Inter-level travel time spent in this place.
 D = Time resting spent in this place.
 E = Time spent auto-exploring this place.
 F = Levels seen in this place.
 G = Mean time per level.
                   A        B        C        D        E       F      G
               +--------+--------+--------+--------+--------+-----+--------+
         Total |     93 |     93 |      0 |      0 |     37 |   1 |   93.0 |
         Abyss |     93 |     93 |      0 |      0 |     37 |   1 |   93.0 |
               +--------+--------+--------+--------+--------+-----+--------+

Top non-repeatable levels by time:
 Abyss:1: 93 daAuts
